AoeStats
← low hand

Yucatan

510558683Analyzed
4v4 RM · 2d ago on Oct 1, 2026· 48m 33s· 8 players
Game mode
Random Map
Map size
Large (8 player)
Population
200
Speed
Normal
Resources
Standard
Victory
Conquest
Starting age
Dark Age
Ending age
Imperial Age
RankedLock teamsTeams togetherTeam positionsShared explorationLock speedFull tech treeHidden civsTurbo modeCheats
Victory
Defeat
🇹🇼 Hindustanis · Taiwan
839
+14
🇮🇹 Japanese · Italy
810
+15
🇫🇷 Tatars · France
798
+16
🇹🇼 Burgundians · Taiwan
760
+18
🇨🇳 Persians · China
835
-17
🇮🇳 Hindustanis · India
790
-16
🇧🇷 Britons · Brazil
788
-15
🇸🇰 Sicilians · Slovakia
776
-15
Fede_MvK
4:22 Loom
13:25 Feudal Age
13:54 Double-Bit Axe
14:16 Horse Collar
14:57 Man-at-Arms
15:23 Arson
19:26 Gold Mining
19:28 Stone Mining
22:07 Scale Mail Armor
22:18 Forging
26:50 Castle Age
28:31 Bow Saw
36:14 Imperial Age
43:03 Gold Shaft Mining
44:22 Conscription
45:01 Wheelbarrow
46:31 Elite Samurai
Dykiris
11:37 Feudal Age
21:21 Castle Age
21:48 Horse Collar
21:55 Double-Bit Axe
22:03 Gold Mining
22:05 Stone Mining
22:43 Forging
22:33 Scale Mail Armor
22:25 Fletching
25:00 Scale Barding Armor
25:31 Iron Casting
24:57 Padded Archer Armor
25:32 Bodkin Arrow
26:09 Heavy Plow
28:08 Bow Saw
29:37 Chain Barding Armor
30:20 Wheelbarrow
30:28 Gold Shaft Mining
30:44 Leather Archer Armor
30:18 Town Watch
30:21 Loom
43:34 Imperial Age
41:22 Hand Cart
41:09 Town Patrol
43:40 Elite Keshik
wsxok336peck
8:46 Loom
10:54 Feudal Age
10:35 Double-Bit Axe
15:06 Castle Age
14:04 Bow Saw
16:21 Gold Mining
17:52 Scale Barding Armor
19:06 Forging
18:47 Horse Collar
24:11 Chain Barding Armor
27:33 Heavy Plow
30:38 Wheelbarrow
31:25 Gold Shaft Mining
30:42 Stone Mining
33:14 Iron Casting
33:49 Cavalier
35:47 Town Watch
39:21 Imperial Age
38:36 Burgundian Vineyards
39:13 Husbandry
39:57 Hand Cart
39:42 Town Patrol
40:44 Plate Barding Armor
39:33 Paladin
42:24 Blast Furnace
42:58 Conscription
46:52 Chemistry
交保候傳
10:58 Feudal Age
12:19 Loom
15:13 Castle Age
13:54 Double-Bit Axe
14:36 Horse Collar
18:31 Bow Saw
18:23 Heavy Plow
21:58 Wheelbarrow
23:38 Gold Mining
24:57 Hand Cart
28:10 Gold Shaft Mining
27:26 Stone Mining
27:52 Scale Barding Armor
27:55 Town Watch
31:27 Imperial Age
30:01 Stone Shaft Mining
29:47 Grand Trunk Road
31:18 Bloodlines
31:08 Husbandry
31:32 Chain Barding Armor
31:23 Forging
31:05 Fletching
32:52 Conscription
32:33 Shatagni
32:01 Heavy Camel Rider
33:24 Town Patrol
33:01 Heavy Camel Rider
34:23 Imperial Camel Rider
34:31 Imperial Camel Rider
41:10 Light Cavalry
43:42 Chemistry
43:03 Ballistics
42:48 Siege Engineers
42:54 Masonry
43:28 Hoardings
43:33 Plate Barding Armor
43:33 Iron Casting
44:24 Caravan
44:54 Coinage
48:05 Blast Furnace
46:32 Hussar
Ambassador93
1:54 Loom
12:20 Feudal Age
15:21 Forging
15:23 Scale Mail Armor
17:38 Castle Age
15:23 Horse Collar
15:29 Double-Bit Axe
16:21 Fletching
16:41 Scale Barding Armor
16:37 Gold Mining
19:13 Husbandry
19:11 Light Cavalry
20:41 Town Watch
22:32 Bloodlines
24:26 Stone Mining
24:43 Padded Archer Armor
24:33 Fletching
25:00 Squires
32:59 Ballistics
32:35 Murder Holes
32:51 Masonry
34:31 Chain Barding Armor
34:46 Iron Casting
34:24 Pikeman
34:24 Man-at-Arms
34:50 Gambesons
34:50 Arson
36:08 Long Swordsman
40:11 Town Patrol
40:47 Wheelbarrow
roncari
0:33 Loom
13:20 Feudal Age
19:26 Horse Collar
19:50 Stone Mining
19:50 Gold Mining
19:49 Double-Bit Axe
24:44 Castle Age
27:15 Caravan
28:41 Bow Saw
29:10 Gold Shaft Mining
29:10 Heavy Plow
37:41 Imperial Age
36:33 Fletching
36:44 Padded Archer Armor
37:47 Ballistics
37:38 Fortified Wall
39:22 Bodkin Arrow
39:42 Leather Archer Armor
41:00 Chemistry
40:05 Bracer
49:24 Ring Archer Armor
mvkris92
8:08 Loom
10:39 Feudal Age
11:14 Double-Bit Axe
11:10 Horse Collar
20:32 Castle Age
19:43 Bloodlines
19:46 Scale Barding Armor
20:22 Forging
24:24 Husbandry
31:09 Iron Casting
35:56 Bow Saw
35:49 Heavy Plow
36:12 Gold Mining
36:12 Stone Mining
36:26 Grand Trunk Road
low hand
12:50 Feudal Age
13:16 Double-Bit Axe
16:27 Gold Mining
19:09 Castle Age
18:32 Horse Collar
20:26 Heavy Plow
25:35 Gold Shaft Mining
26:18 Pikeman
29:44 Wheelbarrow
32:37 Kamandaran
33:24 Crossbowman
34:32 Squires
Connection lost

Rejoining the realm…

Still unreachable

The connection could not be restored.

Session expired

The server has moved on; the page needs a fresh start.